 Dungeon Sprint DCSS version 0.22-a0-608-g8a62e23 (webtiles) character file.

15415 TheOrbIsALie the Phalangite (level 12, -7/130 HPs)
             Began as a Merfolk Berserker on July 9, 2018.
             Was a High Priest of Trog.
             Mangled by an azure jelly (9 damage)
             ... in the Dungeon (Sprint III: "The Ten Rune Challenge").
             The game lasted 00:07:03 (2896 turns).

TheOrbIsALie the Phalangite (Merfolk Berserker)     Turns: 2896, Time: 00:07:04

Health: -7/130     AC:  4    Str: 18    XL:     12   Next: 26%
Magic:  12/12      EV: 25    Int:  4    God:    Trog [*****.]
Gold:   70         SH:  0    Dex: 18    Spells: 11/11 levels left

rFire    + . .     SeeInvis .   u - +3 glaive (chop)
rCold    . . .     Gourm    .   (shield currently unavailable)
rNeg     . . .     Faith    .   b - +0 animal skin
rPois    .         Spirit   .   (no helmet)
rElec    .         Reflect  .   k - +1 cloak
rCorr    .         Harm     .   (no gloves)
MR       .....     NoTele   +   (no boots)
Stlth    +++++.....             (no amulet)
HPRegen  0.31/turn              (no ring)
MPRegen  0.13/turn              (no ring)

@: berserk cooldown, slowed, very slow
A: change form in water, swift swim, stealthy swim, claws 1, dopey 1, fire
resistance 1, robust 1, wild magic 1
a: Berserk, Trog's Hand, Brothers in Arms, Renounce Religion


You were in the Dungeon.
You worshipped Trog.
Trog was extremely pleased with you.
You were very hungry.

You visited 1 branch You collected 70 gold pieces.

Inventory:

Hand Weapons
 a - a +0 spear
 s - a +1 long sword of holy wrath
 t - a +1 antimagic halberd
 u - a +3 glaive of chopping (weapon)
 v - a +4 antimagic battleaxe
 y - a +4 lajatang of speed
Armour
 b - a +0 animal skin (worn)
 k - a +1 cloak (worn)
Scrolls
 i - 3 scrolls of blinking
 l - a scroll of torment {unknown}
 m - a scroll of amnesia {unknown}
 o - a scroll of holy word {unknown}
 p - a scroll of identify {unknown}
 q - a scroll of fog {unknown}
 x - a scroll of enchant weapon {unknown}
Potions
 d - a potion of curing
 e - 2 potions of heal wounds
 f - 2 potions of haste
 g - 2 potions of magic
 h - a potion of berserk rage
 j - 2 potions of might
 n - 3 potions of flight {unknown}
 r - 4 potions of mutation
 w - a potion of lignification {unknown}
 z - a potion of degeneration {unknown}
Comestibles
 c - 4 chunks of flesh


   Skills:
 + Level 19.4 Fighting
 + Level 22.9 Polearms
 + Level 3.5 Armour
 + Level 16.0 Dodging
 + Level 11.5 Stealth


You had 11 spell levels left.
You didn't know any spells.
Your spell library was empty.

Dungeon Overview and Level Annotations

Branches:
Dungeon (1/1)

Altars:
Cheibriados
Dithmenos
Elyvilon
Fedhas
Gozag
Hepliaklqana
Kikubaaqudgha
Makhleb
Nemelex Xobeh
Okawaru
Qazlal
Ru
Sif Muna
Trog
Uskayaw
Vehumet
Wu Jian
Xom
Yredelemnul
Zin
The Shining One
Beogh
Jiyva
Lugonu


Innate Abilities, Weirdness & Mutations

You revert to your normal form in water.
You are very nimble and swift while swimming.
You are very stealthy in the water. (Stealth+)
You have sharp fingernails.
You are dopey. (Int -2)
Your flesh is heat resistant. (rF+)
You are robust. (+10% HP)
Your spells are a little harder to cast, but a little more powerful.


Message History

The azure jelly hits your deep troll.
The azure jelly freezes your deep troll!!
The azure jelly splashes around in the water. x2
Unknown command.
Your deep troll bites the azure jelly!!
Your deep troll claws the azure jelly but does no damage.
Your deep troll claws the azure jelly!
The azure jelly misses your deep troll. x2
The azure jelly barely misses your deep troll. x2
Your deep troll bites the azure jelly!
Your deep troll claws the azure jelly but does no damage.
Your deep troll claws the azure jelly!
The azure jelly hits your deep troll.
The azure jelly freezes your deep troll!!!
Your deep troll dies!
Your deep troll's corpse disappears in a puff of smoke!
The azure jelly barely misses you. The azure jelly hits you.
The azure jelly freezes you!!!
* * * LOW HITPOINT WARNING * * *
The azure jelly hits you but does no damage.
The azure jelly hits you!
You die...

▓...'≈≈≈≈.≈≈≈≈♣♣.....♣♣♣♣≈
▓..P#≈≈≈§§≈≈.≈♣♣.≈≈≈≈'♣♣'♣
▓.PP#≈≈≈≈§§≈§≈.'.....#.≈♣♣
▓..P#≈≈.≈§§§§≈♣♣♣♣♣♣♣#..♣♣
▓...#.≈§)≈≈≈≈≈♣ ###'♣
▓##'####[#######♣ ♣.#
▓...............♣♣ ♣...##
▓#+#############'♣ ♣♣.#
▓...#≈P§J@%††....♣ ♣.
▓...'≈J.J.######## ♣
▓...#≈J≈.........
▓...#≈≈≈≈P..PP...
#+#############+#


You could see 4 azure jellies.

Vanquished Creatures
  Gastronok (D)
  2 dire elephants (D)
  A centaur warrior (D)
  4 death yaks (D)
  An unseen horror (D)
  A deep elf mage (D)
  2 elephants (D)
  2 black mambas (D)
  2 spiny frogs (D)
  A komodo dragon (D)
  A rime drake (D)
  3 wandering mushrooms (D)
  2 tyrant leeches (D)
  8 blink frogs (D)
  A redback (D)
  A shadow (D)
  A spatial vortex (D)
  A swamp drake (D)
  A necrophage (D)
  2 centaurs (D)
  An earth elemental (D)
  A water elemental (D)
  A jelly (D)
  Crazy Yiuf (D)
  A wizard (D)
  Jessica (D)
  A necromancer (D)
  3 humans (D)
  A kobold demonologist (D)
  3 rats (D)
52 creatures vanquished.

Vanquished Creatures (collateral kills)
  Rupert (D)
  Snorg (D)
2 creatures vanquished.

Vanquished Creatures (others)
  2 draconian scorchers (D)
  6 hellions (D)
  A yaktaur (D)
  An electric eel (D)
  A plant (D)
11 creatures vanquished.

Grand Total: 65 creatures vanquished

Notes
Turn   | Place    | Note
-------+----------+-------------------------------------------
     0 | D        | TheOrbIsALie the Merfolk Berserker began the quest for the Orb.
     0 | D        | Reached XP level 1. HP: 18/18 MP: 1/1
    10 | D        | Noticed Jessica
    11 | D        | Reached ** piety under Trog
    18 | D        | Killed Jessica
    18 | D        | Reached skill level 5 in Fighting
    18 | D        | Reached skill level 6 in Polearms
    18 | D        | Reached XP level 2. HP: 22/27 MP: 2/2
    18 | D        | Reached XP level 3. HP: 27/33 MP: 3/3
    37 | D        | Noticed Crazy Yiuf
    47 | D        | Killed Crazy Yiuf
    47 | D        | Reached skill level 8 in Polearms
    59 | D        | Reached *** piety under Trog
    59 | D        | Reached XP level 4. HP: 40/41 MP: 4/4
    81 | D        | Killed a hellion
    90 | D        | Killed a hellion
    90 | D        | Killed a hellion
    91 | D        | Killed a hellion
    92 | D        | Killed a hellion
    94 | D        | Gained mutation: Your flesh is heat resistant. (rF+) [potion of mutation]
    94 | D        | Gained mutation: You tend to lose your temper in combat. [potion of mutation]
    94 | D        | Gained mutation: You are clumsy. (Dex -2) [potion of mutation]
    94 | D        | Gained mutation: Your spells are a little harder to cast, but a little more powerful. [potion of mutation]
    95 | D        | Lost mutation: You are clumsy. (Dex -2) [potion of mutation]
    95 | D        | Lost mutation: You tend to lose your temper in combat. [potion of mutation]
    95 | D        | Gained mutation: You are robust. (+10% HP) [potion of mutation]
    95 | D        | Gained mutation: You are dopey. (Int -2) [potion of mutation]
    95 | D        | Gained mutation: You have sharp fingernails. [potion of mutation]
   102 | D        | Killed a yaktaur
   183 | D        | Noticed a water elemental
   184 | D        | Killed a white draconian scorcher
   190 | D        | Killed a water elemental
   190 | D        | Reached skill level 9 in Polearms
   190 | D        | Reached skill level 1 in Stealth
   190 | D        | Reached XP level 5. HP: 52/52 MP: 5/5
   199 | D        | Killed a hellion
   211 | D        | Killed a white draconian scorcher
   239 | D        | Found a radiant altar of Vehumet.
   239 | D        | Found a deep blue altar of Sif Muna.
   239 | D        | Found an ancient bone altar of Kikubaaqudgha.
   243 | D        | Reached skill level 10 in Polearms
   243 | D        | Reached skill level 5 in Dodging
   247 | D        | Reached **** piety under Trog
   285 | D        | Found a hide-covered altar of Uskayaw.
   285 | D        | Found a roughly hewn altar of Beogh.
   285 | D        | Found an iron altar of Okawaru.
   285 | D        | Found a bloodstained altar of Trog.
   285 | D        | Found an ornate altar of the Wu Jian Council.
   285 | D        | Noticed a human
   285 | D        | Noticed a human
   295 | D        | Killed a human
   295 | D        | Reached skill level 12 in Polearms
   295 | D        | Reached XP level 6. HP: 63/63 MP: 6/6
   304 | D        | Killed a human
   304 | D        | Reached skill level 10 in Fighting
   304 | D        | Reached skill level 13 in Polearms
   304 | D        | Reached XP level 7. HP: 72/72 MP: 7/7
   340 | D        | Found a glowing silver altar of Zin.
   340 | D        | Found a glowing golden altar of the Shining One.
   340 | D        | Found a white marble altar of Elyvilon.
   340 | D        | Noticed a deep elf mage
   348 | D        | Killed a deep elf mage
   348 | D        | Reached skill level 15 in Polearms
   348 | D        | Reached XP level 8. HP: 56/82 MP: 8/8
   530 | D        | Found a basalt altar of Yredelemnul.
   530 | D        | Found a shadowy altar of Dithmenos.
   530 | D        | Found a sacrificial altar of Ru.
   533 | D        | Reached ***** piety under Trog
   590 | D        | Noticed a shadow
   598 | D        | Killed a shadow
   598 | D        | Reached skill level 16 in Polearms
   785 | D        | Found a blossoming altar of Fedhas.
   785 | D        | Found a stormy altar of Qazlal.
   785 | D        | Found a snail-covered altar of Cheibriados.
   785 | D        | Found a burning altar of Makhleb.
   785 | D        | Found a shimmering altar of Xom.
   786 | D        | Found a hazy altar of Hepliaklqana.
   786 | D        | Found an opulent altar of Gozag.
   786 | D        | Found a sparkling altar of Nemelex Xobeh.
   786 | D        | Found a corrupted altar of Lugonu.
   786 | D        | Found a viscous altar of Jiyva.
   846 | D        | Noticed Snorg
   862 | D        | Killed Snorg
   862 | D        | Reached skill level 17 in Polearms
   862 | D        | Reached skill level 5 in Stealth
   862 | D        | Reached XP level 9. HP: 36/93 MP: 9/9
  1489 | D        | Noticed a centaur warrior
  1498 | D        | Killed a centaur warrior
  1498 | D        | Reached skill level 18 in Polearms
  1498 | D        | Reached skill level 10 in Dodging
  1583 | D        | Killed an unseen horror
  1583 | D        | Reached ****** piety under Trog
  1583 | D        | Reached skill level 19 in Polearms
  1583 | D        | Reached XP level 10. HP: 15/104 MP: 10/10
  1824 | D        | Received a gift from Trog
  1945 | D        | Noticed a spiny frog
  1945 | D        | Noticed a spiny frog
  1952 | D        | Killed a spiny frog
  1952 | D        | Reached skill level 15 in Fighting
  1952 | D        | Reached skill level 20 in Polearms
  1956 | D        | Killed a spiny frog
  2201 | D        | Received a gift from Trog
  2298 | D        | Reached XP level 11. HP: 53/114 MP: 3/11
  2577 | D        | Noticed a dire elephant
  2577 | D        | Noticed a dire elephant
  2595 | D        | Killed a dire elephant
  2595 | D        | Received a gift from Trog
  2595 | D        | Reached skill level 21 in Polearms
  2601 | D        | Killed a dire elephant
  2601 | D        | Reached skill level 10 in Stealth
  2654 | D        | Noticed Gastronok
  2662 | D        | Killed Gastronok
  2662 | D        | Received a gift from Trog
  2664 | D        | Noticed Rupert
  2673 | D        | Killed Rupert
  2673 | D        | Reached skill level 22 in Polearms
  2673 | D        | Reached skill level 15 in Dodging
  2703 | D        | Noticed an azure jelly
  2703 | D        | Noticed an azure jelly
  2703 | D        | Noticed an azure jelly
  2703 | D        | Noticed an azure jelly
  2838 | D        | Noticed a death yak
  2839 | D        | Noticed a death yak
  2841 | D        | Noticed a death yak
  2845 | D        | Noticed a death yak
  2850 | D        | Killed a death yak
  2854 | D        | Killed a death yak
  2854 | D        | Reached XP level 12. HP: 128/128 MP: 12/12
  2862 | D        | Killed a death yak
  2868 | D        | Killed a death yak
  2874 | D        | Received a gift from Trog
  2896 | D        | HP: 2/130 [azure jelly (42)]
  2896 | D        | Mangled by an azure jelly

Vault maps used:
D:        dungeon_sprint_mu

Skill      XL: |  1  2  3  4  5  6  7  8  9 10 11 12 |
---------------+-------------------------------------+-----
Fighting       | 5 6 7 9 10 11 13 14 16 18 19 | 19.4
Polearms       | 6 8 9 12 13 15 17 19 20 22 | 22.9
Dodging        | 3 4 6 8 9 11 12 15 16 | 16.0
Armour         | 2 3 |  3.5
Stealth        | 1 2 3 5 7 9 11 | 11.5

Action                   |  1- 3 |  4- 6 |  7- 9 | 10-12 || total
-------------------------+-------+-------+-------+-------++-------
Melee: Spear             |    26 |    30 |   118 |   114 ||   288
       Tailslap          |     2 |       |    18 |    27 ||    47
       Long sword        |       |       |    16 |       ||    16
       Halberd           |       |       |       |    42 ||    42
       Glaive            |       |       |       |    41 ||    41
Invok: Berserk           |     1 |     3 |     5 |     6 ||    15
       Brothers in Arms  |       |       |     1 |     2 ||     3
  Use: Potion            |       |     2 |       |       ||     2
 Stab: Sleeping          |     1 |       |     2 |     2 ||     5
  Eat: Ration            |       |       |     3 |     1 ||     4
       Chunk             |       |       |       |     6 ||     6
Armor: Animal skin       |       |     2 |     4 |     4 ||    10
Dodge: Dodged            |     5 |     6 |    57 |    65 ||   133
       Rpst.: Long sword |       |       |     3 |       ||     3

Table legend:
 A = Spawn XP
 B = Non-spawn XP
 C = Spawn XP percentage of total XP
 D = Spawn monster count
 E = Non-spawn monster count
 F = Spawn count percentage of total count
 G = Total turns spent on level
                    A         B        C        D         E        F      G
               +---------+---------+-------+---------+---------+-------+---------
         Total |       0 |   22022 |   0.0 |       0 |      54 |   0.0 |  2896
               +---------+---------+-------+---------+---------+-------+---------
             D |       0 |   22022 |   0.0 |       0 |      54 |   0.0 |  2896
               +---------+---------+-------+---------+---------+-------+---------
